 Dungeon Crawl Stone Soup version 0.17.0-25-gefc9c12 (webtiles) character file.

403 dorian the Firebug (level 6, -8/36 HPs)
             Began as an Octopode Fire Elementalist on Nov 18, 2015.
             Killed from afar by Dowan (30 damage)
             ... with a shard of ice
             ... on level 4 of the Dungeon.
             The game lasted 00:13:15 (4742 turns).

dorian the Firebug (Octopode Fire Elementalist)     Turns: 4742, Time: 00:13:15

Health: -8/36      AC:  1    Str:  7    XL:     6   Next: 86%
Magic:  5/9        EV: 12    Int: 20    God:
Gold:   96         SH:  0    Dex: 12    Spells: 3 memorised, 1 level left

rFire  . . .     SeeInvis .     (no weapon)
rCold  . . .     Clarity  .     (no shield)
rNeg   + . .     SustAt   .     (helmet restricted)
rPois  .         Gourm    .     e - amulet of warding
rElec  .         Spirit   .     v - ring of protection from magic
rCorr  .         Warding  +     (no ring)
rMut   .         Stasis   .     (no ring)
MR     +....                    (no ring)
Stlth  +++.......               (no ring)
                                (no ring)
                                (no ring)
                                (no ring)

@: somewhat resistant to hostile enchantments, fairly stealthy
A: almost no armour, amphibious, 8 rings, constrict 8, camouflage 1, gelatinous
body 1
a: no special abilities


You were on level 4 of the Dungeon.
You were hungry.

You visited 1 branch of the dungeon, and saw 5 of its levels.

You collected 96 gold pieces.

Inventory:

Jewellery
 e - an amulet of warding (around mantle)
 v - a ring of protection from magic (left tentacle)
Scrolls
 c - a scroll of immolation {unknown}
 d - a scroll of fear {unknown}
 h - 4 scrolls of magic mapping {unknown}
 i - 2 scrolls of enchant weapon {unknown}
 j - 2 scrolls of recharging {unknown}
 k - a scroll of teleportation {unknown}
 n - 3 scrolls of random uselessness {unknown}
 p - 4 scrolls of identify {unknown}
 t - a scroll of remove curse {unknown}
Potions
 f - 2 potions of might {unknown}
 m - 2 potions of heal wounds {unknown}
 o - a potion of resistance {unknown}
 s - 2 potions of brilliance {unknown}
 u - 2 potions of lignification {unknown}
 w - a potion of agility {unknown}
Books
 a - a book of Flames

   Spells                             Type                      Level
   a - Flame Tongue                   Conjuration/Fire             1
   b - Throw Flame                    Conjuration/Fire             2
   c - Conjure Flame                  Conjuration/Fire             3
   d - Inner Flame                    Hexes/Fire                   3
   e - Sticky Flame                   Conjuration/Fire             4
   f - Fireball                       Conjuration/Fire             5
Comestibles
 b - 6 bread rations
 g - 5 meat rations
 q - a slice of pizza
 r - 4 fruits


   Skills:
 - Level 2.0 Dodging
 - Level 2.6 Stealth
 - Level 2.0 Spellcasting
 + Level 4.6 Conjurations
 + Level 5.8 Fire Magic


You had one spell level left.
You knew the following spells:

 Your Spells              Type           Power        Failure   Level  Hunger
a - Flame Tongue          Conj/Fire      ###..        1%          1    #......
b - Sticky Flame          Conj/Fire      ###.....     21%         4    #####..
c - Conjure Flame         Conj/Fire      ###.....     8%          3    ###....


Dungeon Overview and Level Annotations

Branches:
Dungeon (5/15)
 Temple: D:4-7

Altars:

Annotations:
D:3 herpmino's ghost, amateur HOAr
D:4 Dowan; chonchonts's ghost, amateur VSMo


Innate Abilities, Weirdness & Mutations

You cannot wear most types of armour.
You are amphibious.
You can wear up to eight rings at the same time.
You can use your tentacles to constrict eight enemies at once.
Your skin changes colour to match your surroundings (Stealth).
Your rubbery body absorbs attacks (AC +1).


Message History

Dowan is lightly wounded.
Dowan is covered in liquid flames!
Dowan burns!
Dowan mumbles some strange words.
Dowan seems to speed up.
You tentacle-slap Dowan but do no damage.
Your grab misses Dowan.
Dowan is moderately wounded.
Dowan burns!
Dowan casts a spell at you. The shard of ice hits you!
You tentacle-slap Dowan but do no damage.
You grab Dowan.
Dowan is heavily wounded.
You constrict Dowan, but do no damage.
Dowan burns!
Dowan hits you with a dagger of freezing.
Dowan freezes you.
Dowan points at you and mumbles some strange words.
The shard of ice hits you!
Ouch! That really hurt!
You die...

#(..............#
#.##
####.###.....e..#
#.).
#...##e##############
##.###)######[.......
#.....##.....####..#
###.####.....####..#
#.....#.(......#..#
#.e##.#.....##.#..#
#.@##.#.....##.#..#
#...#.#####........
#.#.#.# #.##.#.##
#.#.#.# #.##.#.##
#.....# #.##.....
###.#### #.####.##
#....####........
####.##.<......##
#.##.#.#.#####


You could see Dowan (burning).

Vanquished Creatures
  Duvessa (D:4)
  A scorpion (D:4)
  An orc priest (D:3)
  2 worker ants (D:4)
  Robin (D:1)
  8 adders
  4 worms (D:2)
  3 giant geckos
  4 orcs
  5 bats
  8 giant cockroaches
  11 goblins
  9 hobgoblins
  7 jackals
  3 quokkas
  A ball python (D:2)
  6 giant newts
  A jackal skeleton (D:4)
  10 kobolds
  12 rats
98 creatures vanquished.

Notes
Turn   | Place    | Note
--------------------------------------------------------------
     0 | D:1      | dorian the Octopode Fire Elementalist began the quest for the Orb.
     0 | D:1      | Reached XP level 1. HP: 11/11 MP: 3/3
   215 | D:1      | Reached XP level 2. HP: 17/17 MP: 1/5
   958 | D:2      | Reached XP level 3. HP: 19/21 MP: 1/6
  1179 | D:2      | Noticed Robin
  1339 | D:1      | Killed Robin
  1339 | D:1      | Reached skill level 4 in Fire Magic
  1339 | D:1      | Reached XP level 4. HP: 12/27 MP: 1/7
  1508 | D:1      | Learned a level 4 spell: Sticky Flame
  2324 | D:2      | Reached XP level 5. HP: 31/31 MP: 5/8
  3110 | D:3      | Reached skill level 5 in Fire Magic
  3147 | D:3      | Noticed herpmino's ghost (amateur HOAr)
  3442 | D:4      | Noticed an ice beast
  3817 | D:4      | Noticed chonchonts's ghost (amateur VSMo)
  4121 | D:4      | Reached XP level 6. HP: 36/36 MP: 0/9
  4251 | D:4      | Learned a level 3 spell: Conjure Flame
  4256 | D:4      | Noticed Dowan
  4274 | D:4      | Noticed Duvessa
  4542 | D:4      | Killed Duvessa
  4565 | D:5      | Entered Level 5 of the Dungeon
  4742 | D:4      | Killed from afar by Dowan

Action                   |  1- 3 |  4- 6 || total
-------------------------+-------+-------++-------
Melee: Unarmed           |    13 |    30 ||    43
 Cast: Flame Tongue      |    43 |   124 ||   167
       Sticky Flame      |       |     3 ||     3
 Stab: Sleeping          |       |     5 ||     5
  Eat: Chunk             |     2 |    10 ||    12
       Beef jerky        |       |     1 ||     1
       Fruit             |       |     1 ||     1
